Canucks vs Punishers
(R1)
Created - January 24, 2025 at 20:08
Goals
|
| Canucks |
1 |
3 |
1 |
5 |
| Punishers |
0 |
2 |
1 |
3 |
|
Shots
|
| Canucks |
13 |
12 |
11 |
36 |
| Punishers |
11 |
14 |
9 |
34 |
|
1st period
1. Canucks , Ryan Lomberg 35 (Nicolas Petan 41, Curtis Lazar 30) at 6:53 (PP)
Penalties :
Adam Ruzicka (Pro) for Hooking (Minor) at 6:44, Will Borgen (Abb) for Holding (Minor) at 10:30
2nd period
2. Canucks , C.J. Smith 8 (William Lockwood 10) at 2:34
3. Punishers , Kole Lind 14 (Niko Mikkola 18, Daniel Audette 23) at 15:22 (PP)
4. Punishers , Oskar Lindblom 18 (Karson Kuhlman 23, Ben Betker 16) at 15:43
5. Canucks , Nicolas Petan 18 (Ryan Lomberg 29, Dan Renouf 16) at 16:08
6. Canucks , Aleksi Heponiemi 7 (William Lockwood 11, Axel Holmstrom 16) at 19:54
Penalties :
Axel Holmstrom (Abb) for Cross-checking (Minor) at 7:27, Adam Ruzicka (Pro) for Hooking (Minor) at 11:41, Will Borgen (Abb) for High sticking (Minor) at 14:14, Lane Pederson (Abb) for Tripping (Minor) at 17:47
3rd period
7. Punishers , Carson Meyer 9 (Adam Ruzicka 14) at 0:31
8. Canucks , Dan Renouf 2 (Ryan Lomberg 30, Curtis Lazar 31) at 13:54 (PP)
Penalties :
Trevor Moore (Abb) for Hooking (Minor) at 0:43, Kole Lind (Pro) for Tripping (Minor) at 3:56, Ben Betker (Pro) for Cross-checking (Minor) at 4:19, Lane Pederson (Abb) for Slashing (Minor) at 10:03, Kole Lind (Pro) for Interference (Minor) at 13:28, Nicolas Beaudin (Pro) for Hooking (Minor) at 16:15, Lassi Thomson (Pro) for Hooking (Minor) at 19:11
Goalie Stats
Thatcher Demko (Abb), 31 saves from 34 shots - (0.912), W, 20-7-2, 60:00 minutes
Cal Petersen (Pro), 31 saves from 36 shots - (0.861), L, 2-4-0, 60:00 minutes
Players Stats for Canucks
Player Name G A P +/- PIM S H SB GA TA FO MP PP MP PK MP
------------------------------------------------------------------------------------
Adam Ollas-Mattsson 0 0 0 -1 0 2 3 2 0 1 0/0 29:24 4:57 6:11
Aku Raty 0 0 0 0 0 0 0 0 0 0 0/0 0:00 0:00 0:00
Aleksi Heponiemi 1 0 1 1 0 1 0 0 0 0 2/5 10:16 0:00 1:11
Axel Holmstrom 0 1 1 0 2 2 2 0 0 1 10/17 18:32 3:12 3:51
Brandon Saigeon 0 0 0 0 0 0 0 0 0 0 0/0 0:00 0:00 0:00
C.J. Smith 1 0 1 1 0 3 1 0 1 0 0/0 6:35 0:00 0:00
Charles Hudon 0 0 0 0 0 0 0 0 0 0 0/0 3:43 0:00 2:39
Curtis Lazar 0 2 2 -1 0 5 2 1 0 0 2/2 18:23 4:31 0:00
Dan Renouf 1 1 2 -1 0 2 2 1 0 1 0/0 29:24 4:57 6:11
Daniil Miromanov 0 0 0 0 0 1 0 0 0 0 0/0 19:25 2:46 4:52
Guillaume Brisebois 0 0 0 0 0 0 0 0 0 0 0/0 19:25 2:46 4:52
Jack Rathbone 0 0 0 2 0 1 1 2 0 1 0/0 11:11 0:00 0:00
Jay O'Brien 0 0 0 0 0 0 0 0 0 0 0/0 0:00 0:00 0:00
Juho Lammikko 0 0 0 0 0 2 1 0 0 0 0/0 13:37 3:12 0:00
Lane Pederson 0 0 0 1 4 1 1 1 1 0 3/4 7:37 0:00 0:00
Mackenzie MacEachern 0 0 0 1 0 0 0 0 0 1 0/0 9:40 0:00 0:23
Nicolas Petan 1 1 2 -1 0 5 3 1 1 0 25/42 24:06 4:31 5:30
Rasmus Asplund 0 0 0 0 0 0 0 0 0 0 0/0 0:00 0:00 0:00
Ryan Lomberg 1 2 3 -1 0 6 2 1 2 0 2/2 23:49 4:31 5:25
Simon Bourque 0 0 0 0 0 0 0 0 0 0 0/0 0:00 0:00 0:00
Tobias Lindberg 0 0 0 1 0 0 0 0 0 0 0/0 6:35 0:00 0:00
Trevor Moore 0 0 0 0 2 2 3 0 0 0 0/0 16:43 3:12 3:07
Will Borgen 0 0 0 2 4 1 1 1 0 0 0/0 11:21 0:00 0:00
William Lockwood 0 2 2 1 0 2 2 0 0 2 0/0 9:05 0:00 0:00
Players Stats for Punishers
Player Name G A P +/- PIM S H SB GA TA FO MP PP MP PK MP
------------------------------------------------------------------------------------
Adam Ruzicka 0 1 1 0 4 1 0 0 1 0 1/4 11:27 0:00 0:42
Ben Betker 0 1 1 -1 2 5 3 1 0 1 0/0 27:28 7:11 3:57
Ben Meyers 0 0 0 0 0 3 0 0 0 0 2/5 6:54 0:00 0:00
Braden Tracey 0 0 0 0 0 2 0 0 0 0 0/0 6:54 0:00 0:00
Carson Meyer 1 0 1 0 0 1 1 1 0 2 1/1 10:58 0:10 1:07
Daniel Audette 0 1 1 -1 0 1 2 1 0 0 4/9 17:09 4:42 1:06
Jack Ahcan 0 0 0 0 0 0 0 0 0 0 0/0 9:54 0:00 1:25
Jesse Ylonen 0 0 0 0 0 2 2 2 1 0 1/3 6:54 0:00 0:00
Joel Kiviranta 0 0 0 0 0 1 0 1 0 0 0/0 10:32 0:00 0:53
Karson Kuhlman 0 1 1 0 0 0 1 0 0 0 13/38 22:37 5:53 4:03
Kole Lind 1 0 1 -1 4 3 1 0 0 0 0/0 16:38 4:42 0:23
Kurtis Gabriel 0 0 0 0 0 3 1 0 1 0 1/2 20:05 5:59 1:06
Lassi Thomson 0 0 0 0 2 0 0 0 0 0 0/0 4:26 0:00 0:00
Marcus Karlberg 0 0 0 0 0 0 0 0 0 0 0/0 0:31 0:31 0:00
Nicolas Beaudin 0 0 0 0 2 3 1 0 1 1 0/0 17:32 3:52 1:39
Niko Mikkola 0 1 1 0 0 0 1 1 0 0 0/0 18:42 3:52 2:29
Noah Juulsen 0 0 0 -1 0 2 2 1 1 0 0/0 28:45 7:11 5:14
Oskar Lindblom 1 0 1 0 0 4 1 0 2 1 5/10 23:03 5:56 4:30
Rasmus Sandin 0 0 0 0 0 0 0 0 0 0 0/0 5:47 0:00 0:41
Ryan Suzuki 0 0 0 0 0 0 0 0 0 0 0/0 0:31 0:31 0:00
Urho Vaakanainen 0 0 0 0 0 2 0 0 0 0 0/0 8:06 0:00 0:00
Warren Foegele 0 0 0 -1 0 1 0 0 0 0 0/0 15:41 4:45 0:00
3 Stars
1 - Ryan Lomberg (Abb)
2 - Nicolas Petan (Abb)
3 - Dan Renouf (Abb)
Power Play
Canucks - 2 on 7 Attempt(s) - 28.57%
Punishers - 1 on 6 Attempt(s) - 16.67%
Penalty Kill
Canucks - 5 on 6 Attempt(s) - 83.33%
- Score 0 goal in Penalty Kill
Punishers - 5 on 7 Attempt(s) - 71.43%
- Score 0 goal in Penalty Kill
Team Stat
Canucks - Hits : 24 - Faceoff Wins : 44 - Blocked Shots : 10 - Penalty Minutes : 12
Punishers - Hits : 16 - Faceoff Wins : 28 - Blocked Shots : 8 - Penalty Minutes : 14
Official
Referees : Frederick L'Ecuyer and Peter MacDougall
Linesman : Pierre Racicot and Scott Cherrey
Game Notes
No Game Note
Finance
Level 1 -- Attendance: 1724 (86.20%) -- Ticket Income $120,680
Level 2 -- Attendance: 1000 (100.00%) -- Ticket Income $40,000
Total Attendance: 2724 (90.80%)
Total Ticket Income: $160,680
Other Income: $8,034
Total Income: $168,714
Canucks
5 vs 5 Forward
Center Left Wing Right Wing Time % Phy DF OF
1 Nicolas Petan Ryan Lomberg Curtis Lazar 40 1 2 2
2 Axel Holmstrom Trevor Moore Juho Lammikko 30 1 2 2
3 Aleksi Heponiemi Mackenzie MacEachern William Lockwood 20 1 2 2
4 Lane Pederson C.J. Smith Tobias Lindberg 10 1 2 2
5 vs 5 Defense
Defense Defense Time % Phy DF OF
1 Adam Ollas-Mattsson Dan Renouf 40 1 2 2
2 Daniil Miromanov Guillaume Brisebois 30 1 2 2
3 Will Borgen Jack Rathbone 20 1 2 2
4 Adam Ollas-Mattsson Dan Renouf 10 1 2 2
PowerPlay Forward
Center Left Wing Right Wing Time % Phy DF OF
1 Nicolas Petan Ryan Lomberg Curtis Lazar 60 1 2 2
2 Axel Holmstrom Trevor Moore Juho Lammikko 40 1 2 2
PowerPlay Defense
Defense Defense Time % Phy DF OF
1 Adam Ollas-Mattsson Dan Renouf 60 1 2 2
2 Daniil Miromanov Guillaume Brisebois 40 1 2 2
Penalty Kill 4 Players Forward
Center Wing Time % Phy DF OF
1 Nicolas Petan Ryan Lomberg 60 1 2 2
2 Axel Holmstrom Trevor Moore 40 1 2 2
Penalty Kill 4 Players Defense
Defense Defense Time % Phy DF OF
1 Adam Ollas-Mattsson Dan Renouf 60 1 2 2
2 Daniil Miromanov Guillaume Brisebois 40 1 2 2
Penalty Kill - 3 Players Forward
Forward Time % Phy DF OF
1 Nicolas Petan 60 1 2 2
2 Axel Holmstrom 40 1 2 2
Penalty Kill - 3 Players Defense
Defense Defense Time % Phy DF OF
1 Adam Ollas-Mattsson Dan Renouf 60 1 2 2
2 Daniil Miromanov Guillaume Brisebois 40 1 2 2
4 vs 4 Forward
Center Wing Time % Phy DF OF
1 Nicolas Petan Ryan Lomberg 60 1 2 2
2 Axel Holmstrom Trevor Moore 40 1 2 2
4 vs 4 Defense
Defense Defense Time % Phy DF OF
1 Adam Ollas-Mattsson Dan Renouf 60 1 2 2
2 Daniil Miromanov Guillaume Brisebois 40 1 2 2
Last Minutes Offensive
Center Left Wing Right Wing Defense Defense
Nicolas Petan Ryan Lomberg Curtis Lazar Adam Ollas-Mattsson Dan Renouf
Last Minutes Defensive
Center Left Wing Right Wing Defense Defense
Nicolas Petan Ryan Lomberg Curtis Lazar Adam Ollas-Mattsson Dan Renouf
Goaltenders
Starting : Thatcher Demko
Backup : Casey DeSmith
Extra Forwards
Normal : Trevor Moore, Axel Holmstrom, Mackenzie MacEachern - PP : Trevor Moore, Axel Holmstrom - PK : Trevor Moore
Extra Defensemen
Normal : Guillaume Brisebois, Will Borgen, Jack Rathbone - PP : Guillaume Brisebois - PK : Guillaume Brisebois, Will Borgen
Penalty Shots
Curtis Lazar, Ryan Lomberg, Nicolas Petan, Juho Lammikko, Trevor Moore
Custom OT Lines Forwards
Curtis Lazar, Ryan Lomberg, Nicolas Petan, Juho Lammikko, Trevor Moore, Axel Holmstrom, Mackenzie MacEachern, C.J. Smith, William Lockwood, Aleksi Heponiemi
Custom OT Lines Defensemen
Adam Ollas-Mattsson, Dan Renouf, Daniil Miromanov, Guillaume Brisebois, Will Borgen
Scratches
William Lagesson (Dislocated Patella Injury), Jake Paterson (Healthy), Marek Langhamer (Healthy)
Punishers
5 vs 5 Forward
Center Left Wing Right Wing Time % Phy DF OF
1 Karson Kuhlman Oskar Lindblom Kurtis Gabriel 40 1 2 2
2 Daniel Audette Warren Foegele Kole Lind 30 1 2 2
3 Adam Ruzicka Joel Kiviranta Carson Meyer 20 1 2 2
4 Ben Meyers Braden Tracey Jesse Ylonen 10 1 2 2
5 vs 5 Defense
Defense Defense Time % Phy DF OF
1 Noah Juulsen Ben Betker 40 1 2 2
2 Niko Mikkola Nicolas Beaudin 30 1 2 2
3 Urho Vaakanainen Jack Ahcan 20 1 2 2
4 Rasmus Sandin Lassi Thomson 10 1 2 2
PowerPlay Forward
Center Left Wing Right Wing Time % Phy DF OF
1 Karson Kuhlman Oskar Lindblom Kurtis Gabriel 60 1 2 2
2 Daniel Audette Warren Foegele Kole Lind 40 1 2 2
PowerPlay Defense
Defense Defense Time % Phy DF OF
1 Noah Juulsen Ben Betker 60 1 2 2
2 Niko Mikkola Nicolas Beaudin 40 1 2 2
Penalty Kill 4 Players Forward
Center Wing Time % Phy DF OF
1 Oskar Lindblom Karson Kuhlman 60 1 2 2
2 Kurtis Gabriel Daniel Audette 40 1 2 2
Penalty Kill 4 Players Defense
Defense Defense Time % Phy DF OF
1 Noah Juulsen Ben Betker 60 1 2 2
2 Niko Mikkola Nicolas Beaudin 40 1 2 2
Penalty Kill - 3 Players Forward
Forward Time % Phy DF OF
1 Oskar Lindblom 60 1 2 2
2 Karson Kuhlman 40 1 2 2
Penalty Kill - 3 Players Defense
Defense Defense Time % Phy DF OF
1 Noah Juulsen Ben Betker 60 1 2 2
2 Niko Mikkola Nicolas Beaudin 40 1 2 2
4 vs 4 Forward
Center Wing Time % Phy DF OF
1 Oskar Lindblom Karson Kuhlman 60 1 2 2
2 Kurtis Gabriel Daniel Audette 40 1 2 2
4 vs 4 Defense
Defense Defense Time % Phy DF OF
1 Noah Juulsen Ben Betker 60 1 2 2
2 Niko Mikkola Nicolas Beaudin 40 1 2 2
Last Minutes Offensive
Center Left Wing Right Wing Defense Defense
Karson Kuhlman Oskar Lindblom Kurtis Gabriel Noah Juulsen Ben Betker
Last Minutes Defensive
Center Left Wing Right Wing Defense Defense
Karson Kuhlman Oskar Lindblom Kurtis Gabriel Noah Juulsen Ben Betker
Goaltenders
Starting : Cal Petersen
Backup : Antoine Bibeau
Extra Forwards
Normal : Marcus Karlberg, Ryan Suzuki, Carson Meyer - PP : Marcus Karlberg, Ryan Suzuki - PK : Carson Meyer
Extra Defensemen
Normal : Urho Vaakanainen, Jack Ahcan, Rasmus Sandin - PP : Urho Vaakanainen - PK : Jack Ahcan, Rasmus Sandin
Penalty Shots
Oskar Lindblom, Karson Kuhlman, Kurtis Gabriel, Daniel Audette, Kole Lind
Custom OT Lines Forwards
Oskar Lindblom, Karson Kuhlman, Kurtis Gabriel, Daniel Audette, Kole Lind, Carson Meyer, Warren Foegele, Adam Ruzicka, Joel Kiviranta, Jesse Ylonen
Custom OT Lines Defensemen
Noah Juulsen, Ben Betker, Niko Mikkola, Nicolas Beaudin, Urho Vaakanainen
Scratches
Jack LaFontaine (Healthy), Carter Gylander (Healthy)
% Time on Ice - Canucks
Lines # - Real PCT - Wanted PCT - Time Play
Normal Forward
1 - 37% - 40% - 15:09
2 - 25% - 30% - 10:25
3 - 22% - 20% - 9:05
4 - 16% - 10% - 6:35
Normal Defense
1 - 42% - 40% - 17:19
2 - 29% - 30% - 11:47
3 - 27% - 20% - 11:11
4 - 2% - 10% - 0:57
PP Forward
1 - 59% - 60% - 4:31
2 - 41% - 40% - 3:12
PP Defense
1 - 64% - 60% - 4:57
2 - 36% - 40% - 2:46
PK Forward
1 - 71% - 60% - 7:48
2 - 29% - 40% - 3:15
PK Defense
1 - 56% - 60% - 6:11
2 - 44% - 40% - 4:52
PK3 Forward
1 - 0% - 60%
2 - 0% - 40%
PK3 Defense
1 - 0% - 60%
2 - 0% - 40%
44 Forward
1 - 0% - 60%
2 - 0% - 40%
44 Defense
1 - 0% - 60%
2 - 0% - 40%
Last Minute Offensive - 0:00
Last Minute Defensive - 0:00
Total
Forward - 60:00
Defense - 60:00
|
% Time on Ice - Punishers
Lines # - Real PCT - Wanted PCT - Time Play
Normal Forward
1 - 32% - 40% - 13:20
2 - 28% - 30% - 11:21
3 - 23% - 20% - 9:39
4 - 17% - 10% - 6:54
Normal Defense
1 - 40% - 40% - 16:20
2 - 30% - 30% - 12:21
3 - 20% - 20% - 8:06
4 - 11% - 10% - 4:27
PP Forward
1 - 56% - 60% - 6:12
2 - 44% - 40% - 4:51
PP Defense
1 - 65% - 60% - 7:11
2 - 35% - 40% - 3:52
PK Forward
1 - 82% - 60% - 5:01
2 - 18% - 40% - 1:06
PK Defense
1 - 71% - 60% - 4:21
2 - 29% - 40% - 1:46
PK3 Forward
1 - 78% - 60% - 1:15
2 - 22% - 40% - 0:21
PK3 Defense
1 - 55% - 60% - 0:53
2 - 45% - 40% - 0:43
44 Forward
1 - 0% - 60%
2 - 0% - 40%
44 Defense
1 - 0% - 60%
2 - 0% - 40%
Last Minute Offensive - 0:00
Last Minute Defensive - 0:00
Total
Forward - 60:00
Defense - 60:00
|
Play-by-Play
1st period
0:01 of 1st period - Karson Kuhlman wins face-off versus Nicolas Petan in neutral zone.
0:14 of 1st period - Wrist shot by Kurtis Gabriel.
0:14 of 1st period - Stopped by Thatcher Demko with a rebound.
0:34 of 1st period - Slapshot by Noah Juulsen.
0:34 of 1st period - Shot Misses the Net.
1:10 of 1st period - Wrist shot by Braden Tracey.
1:10 of 1st period - Deflect By Jesse Ylonen.
1:10 of 1st period - Stopped by Thatcher Demko with a rebound.
1:12 of 1st period - Slapshot by Urho Vaakanainen.
1:12 of 1st period - Shot Blocked by Lane Pederson.
1:14 of 1st period - Snap shot by Ben Meyers.
1:14 of 1st period - Stopped by Thatcher Demko without a rebound.
1:15 of 1st period - Kurtis Gabriel wins face-off versus Nicolas Petan in Canucks zone.
1:46 of 1st period - Snap shot by Juho Lammikko.
1:46 of 1st period - Shot Misses the Net.
2:04 of 1st period - Snap shot by William Lockwood.
2:04 of 1st period - Stopped by Cal Petersen without a rebound.
2:05 of 1st period - Aleksi Heponiemi wins face-off versus Daniel Audette in Punishers zone.
3:21 of 1st period - Jack Rathbone is hit by Daniel Audette and loses puck.
3:26 of 1st period - Wrist shot by Kole Lind.
3:26 of 1st period - Shot Hit the Post.
3:28 of 1st period - Slapshot by Rasmus Sandin.
3:28 of 1st period - Shot Blocked by Jack Rathbone.
3:30 of 1st period - Wrist shot by Kole Lind.
3:30 of 1st period - Shot Misses the Net.
3:32 of 1st period - Wrist shot by Daniel Audette.
3:32 of 1st period - Stopped by Thatcher Demko without a rebound.
3:33 of 1st period - Nicolas Petan wins face-off versus Karson Kuhlman in Canucks zone.
3:33 of 1st period - Ryan Lomberg is hit by Karson Kuhlman and loses puck.
3:47 of 1st period - Wrist shot by Curtis Lazar.
3:47 of 1st period - Stopped by Cal Petersen with a rebound.
3:49 of 1st period - Slapshot by Adam Ollas-Mattsson.
3:49 of 1st period - Stopped by Cal Petersen without a rebound.
3:50 of 1st period - Axel Holmstrom wins face-off versus Jesse Ylonen in Punishers zone.
4:37 of 1st period - Slapshot by Joel Kiviranta.
4:37 of 1st period - Stopped by Thatcher Demko without a rebound.
4:38 of 1st period - Lane Pederson wins face-off versus Adam Ruzicka in Canucks zone.
4:43 of 1st period - Snap shot by Tobias Lindberg.
4:43 of 1st period - Shot Misses the Net.
5:15 of 1st period - Backhand shot by C.J. Smith.
5:15 of 1st period - Stopped by Cal Petersen without a rebound.
5:16 of 1st period - Nicolas Petan wins face-off versus Karson Kuhlman in Punishers zone.
5:30 of 1st period - Icing by Kurtis Gabriel.
5:31 of 1st period - Axel Holmstrom wins face-off versus Karson Kuhlman in Punishers zone.
6:44 of 1st period - Minor Penalty to Adam Ruzicka for Hooking.
6:45 of 1st period - Curtis Lazar wins face-off versus Oskar Lindblom in Punishers zone.
6:53 of 1st period - Snap shot by Ryan Lomberg.
6:53 of 1st period - Goal by Ryan Lomberg - Canucks : 1 - Punishers : 0.
6:54 of 1st period - Karson Kuhlman wins face-off versus Nicolas Petan in neutral zone.
6:57 of 1st period - Adam Ollas-Mattsson is hit by Ben Betker and loses puck.
7:04 of 1st period - Karson Kuhlman is hit by Curtis Lazar and loses puck.
7:51 of 1st period - Off-side.
7:52 of 1st period - Nicolas Petan wins face-off versus Karson Kuhlman in neutral zone.
8:28 of 1st period - Slapshot by Axel Holmstrom.
8:28 of 1st period - Shot Misses the Net.
8:44 of 1st period - Slapshot by C.J. Smith.
8:44 of 1st period - Shot Blocked by Jesse Ylonen.
8:46 of 1st period - Snap shot by Dan Renouf.
8:46 of 1st period - Shot Misses the Net.
8:48 of 1st period - Slapshot by Adam Ollas-Mattsson.
8:48 of 1st period - Deflect By Tobias Lindberg.
8:48 of 1st period - Shot Misses the Net.
8:48 of 1st period - Puck is out of play.
8:49 of 1st period - Lane Pederson wins face-off versus Karson Kuhlman in Punishers zone.
8:49 of 1st period - Lane Pederson is hit by Ben Betker.
9:22 of 1st period - Wrist shot by Ryan Lomberg.
9:22 of 1st period - Stopped by Cal Petersen without a rebound.
9:23 of 1st period - Nicolas Petan wins face-off versus Daniel Audette in Punishers zone.
9:34 of 1st period - Snap shot by Curtis Lazar.
9:34 of 1st period - Shot Blocked by Niko Mikkola.
10:04 of 1st period - Snap shot by Kole Lind.
10:04 of 1st period - Shot Blocked by Will Borgen.
10:10 of 1st period - Wrist shot by Kole Lind.
10:10 of 1st period - Stopped by Thatcher Demko with a rebound.
10:12 of 1st period - Slapshot by Kole Lind.
10:12 of 1st period - Shot Misses the Net.
10:14 of 1st period - Slapshot by Noah Juulsen.
10:14 of 1st period - Shot Blocked by Ryan Lomberg.
10:30 of 1st period - Minor Penalty to Will Borgen for Holding.
10:31 of 1st period - Axel Holmstrom wins face-off versus Karson Kuhlman in Canucks zone.
12:30 of 1st period - Penalty to Will Borgen is over, Will Borgen is back on ice.
12:39 of 1st period - Wrist shot by Jesse Ylonen.
12:39 of 1st period - Shot Misses the Net.
12:41 of 1st period - Snap shot by Ben Meyers.
12:41 of 1st period - Stopped by Thatcher Demko without a rebound.
12:42 of 1st period - Lane Pederson wins face-off versus Ben Meyers in Canucks zone.
13:02 of 1st period - Backhand shot by Braden Tracey.
13:02 of 1st period - Stopped by Thatcher Demko with a rebound.
13:12 of 1st period - Jack Ahcan is hit by Will Borgen and loses puck.
14:01 of 1st period - Wrist shot by Oskar Lindblom.
14:01 of 1st period - Stopped by Thatcher Demko with a rebound.
14:55 of 1st period - Off-side.
14:56 of 1st period - Daniel Audette wins face-off versus Axel Holmstrom in neutral zone.
14:59 of 1st period - Juho Lammikko is hit by Kole Lind and loses puck.
15:50 of 1st period - Snap shot by Aleksi Heponiemi.
15:50 of 1st period - Shot Blocked by Carson Meyer.
15:52 of 1st period - Slapshot by Jack Rathbone.
15:52 of 1st period - Deflect By Carson Meyer.
15:52 of 1st period - Stopped by Cal Petersen without a rebound.
15:53 of 1st period - Axel Holmstrom wins face-off versus Karson Kuhlman in Punishers zone.
15:58 of 1st period - Wrist shot by Axel Holmstrom.
15:58 of 1st period - Stopped by Cal Petersen without a rebound.
15:59 of 1st period - Karson Kuhlman wins face-off versus Axel Holmstrom in Punishers zone.
17:14 of 1st period - Axel Holmstrom is hit by Jesse Ylonen and loses puck.
17:19 of 1st period - Snap shot by Nicolas Beaudin.
17:19 of 1st period - Stopped by Thatcher Demko with a rebound.
17:21 of 1st period - Wrist shot by Ben Meyers.
17:21 of 1st period - Stopped by Thatcher Demko with a rebound.
17:59 of 1st period - Snap shot by Nicolas Petan.
17:59 of 1st period - Deflect By Curtis Lazar.
17:59 of 1st period - Stopped by Cal Petersen with a rebound.
18:15 of 1st period - Snap shot by Trevor Moore.
18:15 of 1st period - Shot Misses the Net.
19:12 of 1st period - Wrist shot by Ryan Lomberg.
19:12 of 1st period - Stopped by Cal Petersen without a rebound.
19:13 of 1st period - Nicolas Petan wins face-off versus Ben Meyers in Punishers zone.
19:20 of 1st period - Snap shot by Nicolas Petan.
19:20 of 1st period - Shot Misses the Net.
19:22 of 1st period - Wrist shot by Dan Renouf.
19:22 of 1st period - Stopped by Cal Petersen with a rebound.
19:24 of 1st period - Wrist shot by Nicolas Petan.
19:24 of 1st period - Deflect By Curtis Lazar.
19:24 of 1st period - Stopped by Cal Petersen with a rebound.
19:28 of 1st period - Snap shot by Curtis Lazar.
19:28 of 1st period - Stopped by Cal Petersen without a rebound.
19:29 of 1st period - Karson Kuhlman wins face-off versus Axel Holmstrom in Punishers zone.
Goals for this period are 1 for Canucks vs 0 for Punishers.
Shots for this period are 13 for Canucks vs 11 for Punishers.
2nd period
0:01 of 2nd period - Karson Kuhlman wins face-off versus Nicolas Petan in neutral zone.
0:16 of 2nd period - Snap shot by Nicolas Petan.
0:16 of 2nd period - Stopped by Cal Petersen without a rebound.
0:17 of 2nd period - Daniel Audette wins face-off versus Axel Holmstrom in Punishers zone.
0:17 of 2nd period - Daniel Audette is hit by Dan Renouf.
1:07 of 2nd period - Slapshot by Noah Juulsen.
1:07 of 2nd period - Shot Misses the Net.
1:48 of 2nd period - Wrist shot by Kole Lind.
1:48 of 2nd period - Stopped by Thatcher Demko without a rebound.
1:49 of 2nd period - Nicolas Petan wins face-off versus Daniel Audette in Canucks zone.
1:49 of 2nd period - Nicolas Petan is hit by Daniel Audette.
1:57 of 2nd period - Warren Foegele is hit by Adam Ollas-Mattsson and loses puck.
2:32 of 2nd period - Wrist shot by C.J. Smith.
2:32 of 2nd period - Stopped by Cal Petersen with a rebound.
2:34 of 2nd period - Wrist shot by C.J. Smith.
2:34 of 2nd period - Goal by C.J. Smith - Canucks : 2 - Punishers : 0.
2:35 of 2nd period - Nicolas Petan wins face-off versus Karson Kuhlman in neutral zone.
2:40 of 2nd period - Slapshot by Curtis Lazar.
2:40 of 2nd period - Shot Misses the Net.
2:50 of 2nd period - Backhand shot by Oskar Lindblom.
2:50 of 2nd period - Shot Blocked by Adam Ollas-Mattsson.
3:00 of 2nd period - Ryan Lomberg is hit by Jesse Ylonen and loses puck.
3:34 of 2nd period - Wrist shot by Curtis Lazar.
3:34 of 2nd period - Stopped by Cal Petersen with a rebound.
3:40 of 2nd period - Snap shot by Curtis Lazar.
3:40 of 2nd period - Shot Blocked by Joel Kiviranta.
4:14 of 2nd period - Slapshot by Noah Juulsen.
4:14 of 2nd period - Deflect By Curtis Lazar.
4:14 of 2nd period - Stopped by Thatcher Demko without a rebound.
4:15 of 2nd period - Daniel Audette wins face-off versus Axel Holmstrom in Canucks zone.
4:24 of 2nd period - Wrist shot by Daniel Audette.
4:24 of 2nd period - Shot Misses the Net.
4:28 of 2nd period - Slapshot by Daniel Audette.
4:28 of 2nd period - Shot Misses the Net.
4:40 of 2nd period - Kurtis Gabriel is hit by William Lockwood and loses puck.
4:50 of 2nd period - Off-side.
4:51 of 2nd period - Axel Holmstrom wins face-off versus Adam Ruzicka in neutral zone.
5:12 of 2nd period - Axel Holmstrom is hit by Carson Meyer and loses puck.
5:39 of 2nd period - Jack Rathbone is hit by Niko Mikkola and loses puck.
6:08 of 2nd period - Kole Lind is hit by Jack Rathbone and loses puck.
7:11 of 2nd period - Slapshot by Noah Juulsen.
7:11 of 2nd period - Stopped by Thatcher Demko with a rebound.
7:27 of 2nd period - Minor Penalty to Axel Holmstrom for Cross-checking.
7:28 of 2nd period - Nicolas Petan wins face-off versus Karson Kuhlman in Canucks zone.
9:03 of 2nd period - Icing by Kole Lind.
9:04 of 2nd period - Nicolas Petan wins face-off versus Daniel Audette in Punishers zone.
9:27 of 2nd period - Penalty to Axel Holmstrom is over, Axel Holmstrom is back on ice.
9:54 of 2nd period - Slapshot by Nicolas Beaudin.
9:54 of 2nd period - Stopped by Thatcher Demko without a rebound.
9:55 of 2nd period - Axel Holmstrom wins face-off versus Ben Meyers in Canucks zone.
10:06 of 2nd period - Wrist shot by Juho Lammikko.
10:06 of 2nd period - Stopped by Cal Petersen without a rebound.
10:07 of 2nd period - Nicolas Petan wins face-off versus Karson Kuhlman in Punishers zone.
10:08 of 2nd period - Wrist shot by Ryan Lomberg.
10:08 of 2nd period - Stopped by Cal Petersen with a rebound.
10:38 of 2nd period - Snap shot by Warren Foegele.
10:38 of 2nd period - Stopped by Thatcher Demko without a rebound.
10:39 of 2nd period - Axel Holmstrom wins face-off versus Karson Kuhlman in Canucks zone.
11:04 of 2nd period - Niko Mikkola is hit by Ryan Lomberg and loses puck.
11:41 of 2nd period - Minor Penalty to Adam Ruzicka for Hooking.
11:42 of 2nd period - Nicolas Petan wins face-off versus Oskar Lindblom in Punishers zone.
11:57 of 2nd period - Snap shot by Nicolas Petan.
11:57 of 2nd period - Stopped by Cal Petersen with a rebound.
12:07 of 2nd period - Oskar Lindblom is hit by Axel Holmstrom and loses puck.
13:41 of 2nd period - Penalty to Adam Ruzicka is over, Adam Ruzicka is back on ice.
14:00 of 2nd period - Kurtis Gabriel is hit by Lane Pederson and loses puck.
14:05 of 2nd period - Backhand shot by Adam Ruzicka.
14:05 of 2nd period - Stopped by Thatcher Demko without a rebound.
14:06 of 2nd period - Ben Meyers wins face-off versus Aleksi Heponiemi in Canucks zone.
14:14 of 2nd period - Minor Penalty to Will Borgen for High sticking.
14:15 of 2nd period - Nicolas Petan wins face-off versus Karson Kuhlman in Canucks zone.
14:20 of 2nd period - Icing by Oskar Lindblom.
14:21 of 2nd period - Nicolas Petan wins face-off versus Karson Kuhlman in Punishers zone.
14:22 of 2nd period - Snap shot by Ryan Lomberg.
14:22 of 2nd period - Deflect By Nicolas Petan.
14:22 of 2nd period - Shot Misses the Net.
14:22 of 2nd period - Puck is out of play.
14:23 of 2nd period - Nicolas Petan wins face-off versus Karson Kuhlman in Punishers zone.
14:24 of 2nd period - Snap shot by Ryan Lomberg.
14:24 of 2nd period - Stopped by Cal Petersen without a rebound.
14:25 of 2nd period - Karson Kuhlman wins face-off versus Nicolas Petan in Punishers zone.
14:47 of 2nd period - Slapshot by Ben Betker.
14:47 of 2nd period - Stopped by Thatcher Demko with a rebound.
14:49 of 2nd period - Wrist shot by Ben Betker.
14:49 of 2nd period - Deflect By Nicolas Petan.
14:49 of 2nd period - Stopped by Thatcher Demko without a rebound.
14:50 of 2nd period - Daniel Audette wins face-off versus Nicolas Petan in Canucks zone.
15:13 of 2nd period - Daniel Audette is hit by Trevor Moore and loses puck.
15:22 of 2nd period - Snap shot by Kole Lind.
15:22 of 2nd period - Goal by Kole Lind - Canucks : 2 - Punishers : 1.
15:23 of 2nd period - Nicolas Petan wins face-off versus Karson Kuhlman in neutral zone.
15:25 of 2nd period - Off-side.
15:26 of 2nd period - Nicolas Petan wins face-off versus Karson Kuhlman in neutral zone.
15:33 of 2nd period - Wrist shot by Nicolas Petan.
15:33 of 2nd period - Shot Misses the Net.
15:35 of 2nd period - Backhand shot by Adam Ollas-Mattsson.
15:35 of 2nd period - Stopped by Cal Petersen without a rebound.
15:36 of 2nd period - Karson Kuhlman wins face-off versus Nicolas Petan in Punishers zone.
15:43 of 2nd period - Snap shot by Oskar Lindblom.
15:43 of 2nd period - Goal by Oskar Lindblom - Canucks : 2 - Punishers : 2.
15:44 of 2nd period - Karson Kuhlman wins face-off versus Nicolas Petan in neutral zone.
15:49 of 2nd period - Wrist shot by Kurtis Gabriel.
15:49 of 2nd period - Stopped by Thatcher Demko with a rebound.
15:51 of 2nd period - Snap shot by Oskar Lindblom.
15:51 of 2nd period - Shot Misses the Net.
15:53 of 2nd period - Wrist shot by Noah Juulsen.
15:53 of 2nd period - Shot Blocked by Dan Renouf.
15:55 of 2nd period - Snap shot by Ben Betker.
15:55 of 2nd period - Deflect By Nicolas Petan.
15:55 of 2nd period - Stopped by Thatcher Demko with a rebound.
15:57 of 2nd period - Wrist shot by Oskar Lindblom.
15:57 of 2nd period - Stopped by Thatcher Demko without a rebound.
15:58 of 2nd period - Nicolas Petan wins face-off versus Karson Kuhlman in Canucks zone.
16:06 of 2nd period - Snap shot by Ryan Lomberg.
16:06 of 2nd period - Shot Misses the Net.
16:08 of 2nd period - Snap shot by Nicolas Petan.
16:08 of 2nd period - Goal by Nicolas Petan - Canucks : 3 - Punishers : 2.
16:09 of 2nd period - Karson Kuhlman wins face-off versus Nicolas Petan in neutral zone.
16:09 of 2nd period - Kurtis Gabriel is hit by Curtis Lazar and loses puck.
16:20 of 2nd period - Snap shot by Kurtis Gabriel.
16:20 of 2nd period - Stopped by Thatcher Demko without a rebound.
16:21 of 2nd period - Oskar Lindblom wins face-off versus Nicolas Petan in Canucks zone.
16:53 of 2nd period - Niko Mikkola is hit by Trevor Moore and loses puck.
17:32 of 2nd period - Slapshot by Tobias Lindberg.
17:32 of 2nd period - Deflect By Lane Pederson.
17:32 of 2nd period - Stopped by Cal Petersen without a rebound.
17:33 of 2nd period - Karson Kuhlman wins face-off versus Lane Pederson in Punishers zone.
17:33 of 2nd period - Karson Kuhlman is hit by C.J. Smith.
17:47 of 2nd period - Minor Penalty to Lane Pederson for Tripping.
17:48 of 2nd period - Karson Kuhlman wins face-off versus Nicolas Petan in Canucks zone.
18:00 of 2nd period - Snap shot by Kurtis Gabriel.
18:00 of 2nd period - Shot Misses the Net.
18:02 of 2nd period - Snap shot by Karson Kuhlman.
18:02 of 2nd period - Shot Misses the Net.
18:04 of 2nd period - Wrist shot by Oskar Lindblom.
18:04 of 2nd period - Shot Blocked by Adam Ollas-Mattsson.
18:39 of 2nd period - Wrist shot by Oskar Lindblom.
18:39 of 2nd period - Shot Misses the Net.
19:47 of 2nd period - Penalty to Lane Pederson is over, Lane Pederson is back on ice.
19:52 of 2nd period - Wrist shot by William Lockwood.
19:52 of 2nd period - Shot Misses the Net.
19:54 of 2nd period - Snap shot by Aleksi Heponiemi.
19:54 of 2nd period - Goal by Aleksi Heponiemi - Canucks : 4 - Punishers : 2.
19:55 of 2nd period - Adam Ruzicka wins face-off versus Axel Holmstrom in neutral zone.
Goals for this period are 3 for Canucks vs 2 for Punishers.
Shots for this period are 12 for Canucks vs 14 for Punishers.
3rd period
0:01 of 3rd period - Nicolas Petan wins face-off versus Karson Kuhlman in neutral zone.
0:01 of 3rd period - Curtis Lazar is hit by Kurtis Gabriel and loses puck.
0:26 of 3rd period - Ryan Lomberg is hit by Noah Juulsen and loses puck.
0:31 of 3rd period - Snap shot by Carson Meyer.
0:31 of 3rd period - Goal by Carson Meyer - Canucks : 4 - Punishers : 3.
0:32 of 3rd period - Oskar Lindblom wins face-off versus Axel Holmstrom in neutral zone.
0:39 of 3rd period - Slapshot by Oskar Lindblom.
0:39 of 3rd period - Stopped by Thatcher Demko without a rebound.
0:40 of 3rd period - Axel Holmstrom wins face-off versus Karson Kuhlman in Canucks zone.
0:40 of 3rd period - Axel Holmstrom is hit by Oskar Lindblom.
0:43 of 3rd period - Minor Penalty to Trevor Moore for Hooking.
0:44 of 3rd period - Nicolas Petan wins face-off versus Karson Kuhlman in Canucks zone.
1:23 of 3rd period - Wrist shot by Axel Holmstrom.
1:23 of 3rd period - Stopped by Cal Petersen with a rebound.
1:25 of 3rd period - Slapshot by Daniil Miromanov.
1:25 of 3rd period - Shot Blocked by Noah Juulsen.
1:39 of 3rd period - Slapshot by Oskar Lindblom.
1:39 of 3rd period - Shot Misses the Net.
1:41 of 3rd period - Slapshot by Noah Juulsen.
1:41 of 3rd period - Shot Blocked by Nicolas Petan.
2:43 of 3rd period - Penalty to Trevor Moore is over, Trevor Moore is back on ice.
3:09 of 3rd period - Slapshot by Ben Betker.
3:09 of 3rd period - Stopped by Thatcher Demko without a rebound.
3:10 of 3rd period - Aleksi Heponiemi wins face-off versus Jesse Ylonen in Canucks zone.
3:37 of 3rd period - Carson Meyer is hit by Juho Lammikko and loses puck.
3:56 of 3rd period - Minor Penalty to Kole Lind for Tripping.
3:57 of 3rd period - Oskar Lindblom wins face-off versus Nicolas Petan in Punishers zone.
4:19 of 3rd period - Minor Penalty to Ben Betker for Cross-checking.
4:20 of 3rd period - Oskar Lindblom wins face-off versus Nicolas Petan in Punishers zone.
5:56 of 3rd period - Penalty to Kole Lind is over, Kole Lind is back on ice.
6:19 of 3rd period - Penalty to Ben Betker is over, Ben Betker is back on ice.
6:57 of 3rd period - Snap shot by Trevor Moore.
6:57 of 3rd period - Stopped by Cal Petersen without a rebound.
6:58 of 3rd period - Karson Kuhlman wins face-off versus Aleksi Heponiemi in Punishers zone.
6:58 of 3rd period - Karson Kuhlman is hit by William Lockwood.
7:27 of 3rd period - Off-side.
7:28 of 3rd period - Ben Meyers wins face-off versus Nicolas Petan in neutral zone.
7:31 of 3rd period - Wrist shot by Braden Tracey.
7:31 of 3rd period - Stopped by Thatcher Demko without a rebound.
7:32 of 3rd period - Karson Kuhlman wins face-off versus Nicolas Petan in Canucks zone.
7:35 of 3rd period - Snap shot by Kurtis Gabriel.
7:35 of 3rd period - Deflect By Oskar Lindblom.
7:35 of 3rd period - Shot Misses the Net.
7:35 of 3rd period - Puck is out of play.
7:36 of 3rd period - Nicolas Petan wins face-off versus Kurtis Gabriel in Canucks zone.
7:51 of 3rd period - Slapshot by Oskar Lindblom.
7:51 of 3rd period - Shot Blocked by Curtis Lazar.
8:05 of 3rd period - Snap shot by Kole Lind.
8:05 of 3rd period - Shot Blocked by Jack Rathbone.
8:07 of 3rd period - Slapshot by Urho Vaakanainen.
8:07 of 3rd period - Stopped by Thatcher Demko with a rebound.
8:09 of 3rd period - Slapshot by Urho Vaakanainen.
8:09 of 3rd period - Deflect By Mackenzie MacEachern.
8:09 of 3rd period - Stopped by Thatcher Demko without a rebound.
8:10 of 3rd period - Axel Holmstrom wins face-off versus Karson Kuhlman in Canucks zone.
8:24 of 3rd period - Icing by Kurtis Gabriel.
8:25 of 3rd period - Ryan Lomberg wins face-off versus Karson Kuhlman in Punishers zone.
8:36 of 3rd period - Snap shot by Nicolas Petan.
8:36 of 3rd period - Stopped by Cal Petersen with a rebound.
8:38 of 3rd period - Wrist shot by Nicolas Petan.
8:38 of 3rd period - Shot Misses the Net.
8:40 of 3rd period - Snap shot by Ryan Lomberg.
8:40 of 3rd period - Shot Misses the Net.
8:50 of 3rd period - Kole Lind is hit by Trevor Moore and loses puck.
9:01 of 3rd period - Kole Lind is hit by Axel Holmstrom and loses puck.
9:24 of 3rd period - Snap shot by William Lockwood.
9:24 of 3rd period - Shot Misses the Net.
10:03 of 3rd period - Minor Penalty to Lane Pederson for Slashing.
10:04 of 3rd period - Nicolas Petan wins face-off versus Karson Kuhlman in Canucks zone.
10:11 of 3rd period - Off-side.
10:12 of 3rd period - Nicolas Petan wins face-off versus Karson Kuhlman in neutral zone.
10:17 of 3rd period - Ben Betker is hit by Nicolas Petan and loses puck.
10:24 of 3rd period - Daniil Miromanov is hit by Ben Betker and loses puck.
10:49 of 3rd period - Nicolas Beaudin is hit by Dan Renouf and loses puck.
11:30 of 3rd period - Guillaume Brisebois is hit by Noah Juulsen and loses puck.
11:41 of 3rd period - Noah Juulsen is hit by Nicolas Petan and loses puck.
12:03 of 3rd period - Penalty to Lane Pederson is over, Lane Pederson is back on ice.
12:18 of 3rd period - Charles Hudon is hit by Nicolas Beaudin and loses puck.
12:48 of 3rd period - Slapshot by Will Borgen.
12:48 of 3rd period - Shot Misses the Net.
12:50 of 3rd period - Snap shot by Lane Pederson.
12:50 of 3rd period - Shot Misses the Net.
12:52 of 3rd period - Slapshot by Axel Holmstrom.
12:52 of 3rd period - Shot Misses the Net.
12:58 of 3rd period - Snap shot by Charles Hudon.
12:58 of 3rd period - Shot Misses the Net.
13:00 of 3rd period - Snap shot by Lane Pederson.
13:00 of 3rd period - Shot Misses the Net.
13:02 of 3rd period - Wrist shot by Charles Hudon.
13:02 of 3rd period - Shot Misses the Net.
13:04 of 3rd period - Snap shot by Charles Hudon.
13:04 of 3rd period - Shot Misses the Net.
13:06 of 3rd period - Snap shot by Will Borgen.
13:06 of 3rd period - Stopped by Cal Petersen without a rebound.
13:07 of 3rd period - Curtis Lazar wins face-off versus Daniel Audette in Punishers zone.
13:16 of 3rd period - Kole Lind is hit by Adam Ollas-Mattsson.
13:28 of 3rd period - Minor Penalty to Kole Lind for Interference.
13:29 of 3rd period - Nicolas Petan wins face-off versus Oskar Lindblom in Punishers zone.
13:42 of 3rd period - Slapshot by Nicolas Petan.
13:42 of 3rd period - Stopped by Cal Petersen without a rebound.
13:43 of 3rd period - Oskar Lindblom wins face-off versus Nicolas Petan in Punishers zone.
13:52 of 3rd period - Snap shot by Ryan Lomberg.
13:52 of 3rd period - Shot Blocked by Ben Betker.
13:54 of 3rd period - Slapshot by Dan Renouf.
13:54 of 3rd period - Goal by Dan Renouf - Canucks : 5 - Punishers : 3.
13:55 of 3rd period - Nicolas Petan wins face-off versus Karson Kuhlman in neutral zone.
13:58 of 3rd period - Karson Kuhlman is hit by Nicolas Petan and loses puck.
14:07 of 3rd period - Wrist shot by Curtis Lazar.
14:07 of 3rd period - Deflect By Ryan Lomberg.
14:07 of 3rd period - Stopped by Cal Petersen with a rebound.
15:08 of 3rd period - Slapshot by Ben Betker.
15:08 of 3rd period - Stopped by Thatcher Demko without a rebound.
15:09 of 3rd period - Jesse Ylonen wins face-off versus Nicolas Petan in Canucks zone.
15:18 of 3rd period - Snap shot by Jesse Ylonen.
15:18 of 3rd period - Shot Misses the Net.
15:26 of 3rd period - Slapshot by Nicolas Beaudin.
15:26 of 3rd period - Stopped by Thatcher Demko with a rebound.
15:30 of 3rd period - Wrist shot by Jesse Ylonen.
15:30 of 3rd period - Stopped by Thatcher Demko without a rebound.
15:31 of 3rd period - Carson Meyer wins face-off versus Aleksi Heponiemi in Canucks zone.
16:01 of 3rd period - Karson Kuhlman is hit by Adam Ollas-Mattsson.
16:15 of 3rd period - Minor Penalty to Nicolas Beaudin for Hooking.
16:16 of 3rd period - Nicolas Petan wins face-off versus Oskar Lindblom in Punishers zone.
16:51 of 3rd period - Slapshot by Axel Holmstrom.
16:51 of 3rd period - Shot Misses the Net.
17:05 of 3rd period - Oskar Lindblom is hit by Ryan Lomberg and loses puck.
18:15 of 3rd period - Penalty to Nicolas Beaudin is over, Nicolas Beaudin is back on ice.
18:28 of 3rd period - Wrist shot by William Lockwood.
18:28 of 3rd period - Stopped by Cal Petersen with a rebound.
18:53 of 3rd period - Snap shot by Tobias Lindberg.
18:53 of 3rd period - Shot Blocked by Jesse Ylonen.
18:55 of 3rd period - Slapshot by Daniil Miromanov.
18:55 of 3rd period - Stopped by Cal Petersen without a rebound.
18:56 of 3rd period - Axel Holmstrom wins face-off versus Adam Ruzicka in Punishers zone.
19:11 of 3rd period - Minor Penalty to Lassi Thomson for Hooking.
19:12 of 3rd period - Ryan Lomberg wins face-off versus Oskar Lindblom in Punishers zone.
19:43 of 3rd period - Slapshot by Trevor Moore.
19:43 of 3rd period - Stopped by Cal Petersen with a rebound.
19:45 of 3rd period - Wrist shot by Daniil Miromanov.
19:45 of 3rd period - Shot Blocked by Daniel Audette.
19:47 of 3rd period - Wrist shot by Juho Lammikko.
19:47 of 3rd period - Stopped by Cal Petersen with a rebound.
Goals for this period are 1 for Canucks vs 1 for Punishers.
Shots for this period are 11 for Canucks vs 9 for Punishers.